 Dungeon Crawl Stone Soup version 0.29-a0-330-g52719c12eb (webtiles) character file.

Game seed: 5078800675333006334

42 kae the Firebug (level 3, 0/23 HPs)
             Began as an Octopode Fire Elementalist on Apr 18, 2022.
             Slain by a jackal (1 damage)
             ... on level 1 of the Dungeon.
             The game lasted 00:00:31 (1085 turns).

kae the Firebug (Octopode Fire Elementalist)        Turns: 1085, Time: 00:00:31

Health: 0/23       AC:  1    Str:  7    XL:     3   Next: 54%
Magic:  6/6        EV: 13    Int: 19    God:
Gold:   38         SH:  0    Dex: 12    Spells: 5/6 levels left

rFire   . . .      SeeInvis .   c - +1 whip (elec)
rCold   + . .      Faith    .   (no shield)
rNeg    . . .      Spirit   .   (helmet restricted)
rPois   .          Reflect  .   (no amulet)
rElec   .          Harm     .   b - ring of protection from cold
rCorr   .          Rampage  .   (no ring)
Will    .....                   (no ring)
Stlth   +++.......              (no ring)
HPRegen 0.07/turn               (no ring)
MPRegen 0.10/turn               (no ring)
                                (no ring)
                                (no ring)

@: brilliant
A: almost no armour, amphibious, 8 rings, camouflage 1, gelatinous body 1,
(nimble swimmer 1), tentacles
a: no special abilities


You were on level 1 of the Dungeon.
You visited 1 branch of the dungeon, and saw 1 of its levels.

You collected 38 gold pieces.

Inventory:

Hand Weapons
 c - a +1 whip of electrocution (weapon)
Jewellery
 b - a ring of protection from cold (left tentacle)
Scrolls
 e - 2 scrolls of enchant weapon {unknown}
Potions
 a - a potion of magic


   Skills:
 + Level 1.0 Fighting
 + Level 2.3 Dodging
 + Level 3.1 Stealth
 + Level 2.2 Spellcasting
 + Level 1.3 Conjurations
 * Level 3.5 Fire Magic


You had 5 spell levels left.
You knew the following spells:

 Your Spells              Type           Power      Damage    Failure   Level
a - Foxfire               Conj/Fire      68%        2x1d7     6%          1

Your spell library contained the following spells:

 Spells                   Type           Power      Damage    Failure   Level
 Scorch                   Fire           46%        2d7       6%          2
 Conjure Flame            Conj/Fire      17%        6-21      19%         3
 Inner Flame              Hex/Fire       13%        N/A       24%         3
 Call Canine Familiar     Summ           3%         N/A       45%         3
 Portal Projectile        Hex/Tloc       6%         N/A       45%         3
 Flame Wave               Conj/Fire      17%        2d6       52%         4
 Leda's Liquefaction      Hex/Erth       1%         N/A       86%         4


Dungeon Overview and Level Annotations

Branches:
Dungeon (1/15)

Altars:


Innate Abilities, Weirdness & Mutations

You cannot wear most types of armour.
You are amphibious.
You can wear up to eight rings at the same time.
Your skin changes colour to match your surroundings (Stealth+).
Your rubbery body absorbs attacks. (AC +1, EV +1)
((You are camouflaged when in or above water. (Stealth+)))
You have tentacles for arms and can constrict up to eight enemies at once.


Message History

The endoplasm attacks as you move away! The endoplasm closely misses you.
The kobold closely misses you.
The jackal bites you but does no damage.
You hit the kobold but do no damage. You grab the kobold.
You squeeze the kobold.
You kill the kobold!
The endoplasm freezes you.
You are frozen.
You resist. The jackal misses you.
Your Fighting skill increases to level 1!
The endoplasm attacks as you move away! The endoplasm barely misses you.
The jackal bites you.
Things that are here:
a +0 short sword; a kobold corpse A goblin comes into view.
It is wielding a +0 club.
You barely miss the jackal.
The jackal barks!
Your grab misses the jackal. The jackal misses you. The jackal bites you.
You hit the jackal.
You kill the jackal!
The jackal bites you. The jackal completely misses you.
You barely miss the jackal. Your grab misses the jackal. The jackal bites you.
The jackal bites you but does no damage.
It was a potion of brilliance.
You feel clever all of a sudden. The jackal bites you.
* * * LOW HITPOINT WARNING * * *
The jackal closely misses you. The jackal bites you.
* * * LOW HITPOINT WARNING * * *
The jackal bites you.
* * * LOW HITPOINT WARNING * * *
You barely miss the jackal. Your grab misses the jackal.
The quokka twitches its whiskers.
The jackal closely misses you. x2
You closely miss the jackal. You grab the jackal.
You constrict the jackal, but do no damage.
The jackal closely misses you. The jackal barely misses you.
The jackal bites you.
* * * LOW HITPOINT WARNING * * *
The jackal bites you.
You die...

..... #.# ...# .# #.#
#..# .# # #.# #..# .#
.# #.### ##### #..#
.##.# #.... ##...##
#..# ....# # #####
##.###.## # #..# g..
... #.##
##.###.#..##h#..#
.#######.##...Jh@....#
.†...# #.#####r####.##
.###.###.# #.#
.†##.##.######.####.##
.#†#..................
#######
.##.................##
.......
####..########..#####
....... # #..# #####
..##### # #.[#
####.<.#### #.# #


You could see an endoplasm, a quokka, 2 jackals and a goblin.

Vanquished Creatures
  A gnoll (D:1)
  A dart slug (D:1)
  4 ball pythons (D:1)
  2 bats (D:1)
  5 endoplasms (D:1)
  A goblin (D:1)
  4 hobgoblins (D:1)
  A jackal (D:1)
  A quokka (D:1)
  A frilled lizard (D:1)
  4 kobolds (D:1)
  2 rats (D:1)
27 creatures vanquished.

Vanquished Creatures (others)
  32 foxfires (D:1)
32 creatures vanquished.

Grand Total: 59 creatures vanquished

Notes
Turn   | Place    | Note
-------+----------+-------------------------------------------
     0 | D:1      | kae the Octopode Fire Elementalist began the quest for the
                  | Orb.
     0 | D:1      | Reached XP level 1. HP: 11/11 MP: 3/3
   279 | D:1      | Reached XP level 2. HP: 17/17 MP: 0/5
   809 | D:1      | Found a faded altar of an unknown god.
   926 | D:1      | Reached XP level 3. HP: 22/22 MP: 6/6
  1078 | D:1      | Reached skill level 1 in Fighting
  1085 | D:1      | HP: 1/23 [jackal (2)]
  1085 | D:1      | Slain by a jackal

Illustrated notes

Levels and vault maps discovered:
D:1:      mrwooster_arrival_statue, layout_loops_ring, basic_ecumenical_altar,
          feat_on_display

Skill      XL: |  1  2  3 |
---------------+----------+-----
Stealth        | 3 |  3.1
Fighting       | 1 |  1.0
Dodging        | |  2.3
Spellcasting   | |  2.2
Conjurations   | |  1.3
Fire Magic     | |  3.5

Action                   || total
-------------------------++-------
Melee: Unarmed           ||    12
       Constrict         ||     9
       Whip              ||    24
       Tentacles         ||    10
       Punch             ||     1
 Cast: Foxfire           ||    22
  Use: Potion            ||     1
 Stab: Sleeping          ||     5
Armor: Skin              ||     4
Dodge: Dodged            ||    21

Table legend: (Time is in decaauts)
 A = Elapsed time spent in this place.
 B = Non-inter-level travel time spent in this place.
 C = Inter-level travel time spent in this place.
 D = Time resting spent in this place.
 E = Time spent auto-exploring this place.
 F = Levels seen in this place.
 G = Mean time per level.
                   A        B        C        D        E       F      G
               +--------+--------+--------+--------+--------+-----+--------+
         Total |   1086 |   1086 |      0 |      0 |    903 |   1 | 1086.0 |
       Dungeon |   1086 |   1086 |      0 |      0 |    903 |   1 | 1086.0 |
               +--------+--------+--------+--------+--------+-----+--------+

Top non-repeatable levels by time:
     D:1: 1086 daAuts
